 Dungeon Crawl Stone Soup version 0.30-a0-4-ga7cffc901d (webtiles) character file.

Game seed: 765404591374961694

1015 Zeldest the Trooper (level 8, -7/42 HPs)
             Began as a Vine Stalker Abyssal Knight on Aug 22, 2022.
             Was a Priest of Lugonu.
             Mangled by a gnoll
             ... wielding a +2 halberd of venom
              (10 damage)
             ... on level 5 of the Dungeon.
             The game lasted 00:12:28 (5143 turns).

Zeldest the Trooper (Vine Stalker Abyssal Knight)   Turns: 5143, Time: 00:12:28

Health: -7/42      AC:  3    Str: 20      XL:     8   Next: 21%
Magic:  0/12       EV: 10    Int: 14      God:    Lugonu [***...]
Gold:   215        SH:  8    Dex:  9 (14) Spells: 7/7 levels left

rFire   + . .      SeeInvis .    a - +1 short sword
rCold   . . .      Faith    .    c - +0 kite shield
rNeg    . . .      Spirit   +    b - +0 leather armour
rPois   .          Reflect  .    (no helmet)
rElec   .          Harm     .    (no cloak)
rCorr   .          Rampage  .    (no gloves)
Will    +++..                    (no boots)
Stlth   +.........               (no amulet)
HPRegen 0.94/turn                i - ring "Gopiw" {Fly Will++ Str+4 Int+4 Dex-3}
MPRegen 0.13/turn                n - ring of protection from fire

@: lethally poisoned (-7 -> -13), flying
A: fangs 3, regeneration 1, magic shield, antimagic bite, no potion heal 2
a: Renounce Religion, Depart the Abyss, Bend Space, Banish


You were on level 5 of the Dungeon.
You worshipped Lugonu.
Lugonu was most pleased with you.
You visited 1 branch of the dungeon, and saw 5 of its levels.
You visited the Abyss 1 time.

You collected 215 gold pieces.

Inventory:

Hand Weapons
 a - a +1 short sword (weapon)
Armour
 b - a +0 leather armour (worn)
 c - a +0 kite shield (worn)
Jewellery
 h - a +6 ring of dexterity
 i - the ring "Gopiw" (left hand) {Fly Will++ Str+4 Int+4 Dex-3}
   (You found it on level 2 of the Dungeon)

   [ring of flight]

   Str:       It affects your strength (+4).
   Int:       It affects your intelligence (+4).
   Dex:       It affects your dexterity (-3).
   Fly:       It grants you flight.
   Will:      It greatly increases your willpower.
 n - a ring of protection from fire (right hand)
Scrolls
 e - a scroll of teleportation {unknown}
 g - a scroll of butterflies {unknown}
 k - a scroll of enchant armour {unknown}
 l - a scroll of identify {unknown}
 m - a scroll of amnesia
 o - a scroll of fear {unknown}
 r - a scroll of silence {unknown}
Potions
 d - a potion of curing
 f - 2 potions of heal wounds
 j - a potion of resistance {unknown}
 p - a potion of cancellation {unknown}
 q - 2 potions of degeneration {unknown}


   Skills:
 + Level 4.6 Fighting
 + Level 4.1 Short Blades
 - Level 2.1 Armour
 + Level 3.0 Dodging
 + Level 3.3 Shields
 + Level 4.4 Invocations


You had 7 spell levels left.
You didn't know any spells.
Your spell library contained the following spells:

 Spells                   Type           Power      Damage    Failure   Level
 Foxfire                  Conj/Fire      0%         2x1d4     71%         1
 Blink                    Tloc           0%         N/A       85%         2
 Conjure Flame            Conj/Fire      0%         6-21      97%         3
 Inner Flame              Hex/Fire       0%         N/A       97%         3
 Animate Armour           Summ/Erth      0%         N/A       100%        4
 Flame Wave               Conj/Fire      0%         2d4       100%        4
 Blade Hands              Tmut           0%         N/A       100%        5
 Manifold Assault         Tloc           0%         N/A       100%        5
 Iron Shot                Conj/Erth      0%         9d1       100%        6
 Storm Form               Tmut/Air       0%         N/A       100%        7


Dungeon Overview and Level Annotations

Branches:
Dungeon (5/15)             Temple (0/1) D:4

Altars:
Gozag
Yredelemnul

Shops:
D:1 (


Innate Abilities, Weirdness & Mutations

You have razor-sharp teeth.
Your natural rate of healing is unusually fast.
When hurt, damage is shared between your health and your magic reserves.
Your bite disrupts and absorbs the magic of your enemies.
Potions cannot restore your health.


Message History

The shadow imp shouts, "Remove thy stench, thou mewling nut-hook mendicant!"
You block the ufetubus's attack. The ufetubus hits you. x2
The ufetubus misses you. The adder attacks as you move away!
The adder bites you.
You are no longer corroded.
You block the ufetubus's attack. The ufetubus hits you. The adder bites you.
You are poisoned.
The adder poisons you!
You feel sick. The shadow imp gestures at you.
You resist with almost no effort.
The ufetubus hits you but does no damage.
The ufetubus barely misses you. The ufetubus attacks as you move away!
You block the ufetubus's attack. The ufetubus barely misses you.
You feel sick. The ufetubus attacks as you move away!
You block the ufetubus's attack. The ufetubus barely misses you.
You feel sick. The ufetubus hits you. The ufetubus closely misses you.
The scorpion attacks as you move away! You block the scorpion's attack.
You feel sick.
The gnoll hits you from afar with a +2 halberd of venom!
You are more poisoned.
The scorpion stings you.
* * * LOW HITPOINT WARNING * * *
You hit the gnoll.
The gnoll is moderately wounded.
* * * LOW HITPOINT WARNING * * *
You feel very sick.
The ufetubus hits you but does no damage.
You block the ufetubus's attack. The gnoll closely misses you. x2
The ufetubus barely misses you. You block the ufetubus's attack.
You block the scorpion's attack.
You hit the gnoll.
The gnoll is heavily wounded.
* * * LOW HITPOINT WARNING * * *
You feel very sick.
The ufetubus hits you but does no damage.
The ufetubus misses you.
The gnoll hits you from afar with a +2 halberd of venom!
You die...

......####.##.........#.##
...#..###..#.)...♣....#..#
..##..#......#.⌠.........#
.............#...........##
...#.........#............#
##.#.##.....##...g........# ###
..#.#......##.5S#..#.....##..#
#..####.....##.5s#.g#..........
#..# .......#..@##.#.........#
#.## ####......gJ5.........###
#O ........hg........## ..
..................#
....##........)...#
....##.##.##....###
............#....##
.......####.#####..#
............>.......#


You could see a black bear, a scorpion, a jelly, 3 gnolls, an adder, 2 shadow
imps and an ufetubus.

Vanquished Creatures
  Menkaure (D:4)
  Blork the orc (D:4)
  A phantom (D:4)
  A necrophage (D:5)
  2 scorpions
  A quasit (D:5)
  2 orc priests
  A hound (D:3)
  2 iguanas
  4 gnolls
  6 adders
  A shadow imp (D:5)
  3 ufetubi (D:5)
  4 worms
  4 dart slugs
  8 orcs
  5 endoplasms
  A giant cockroach (D:3)
  10 hobgoblins
  9 jackals
  5 kobolds
  3 quokkas
  7 ball pythons
  6 bats
  6 frilled lizards
  6 goblins
  7 rats
107 creatures vanquished.

Vanquished Creatures (others)
  2 demonic plants (D:5)
2 creatures vanquished.

Grand Total: 109 creatures vanquished

Notes
Turn   | Place    | Note
-------+----------+-------------------------------------------
     0 | Abyss:1  | Zeldest the Vine Stalker Abyssal Knight began the quest for
                  | the Orb.
     0 | Abyss:1  | Reached XP level 1. HP: 11/11 MP: 3/3
     0 | Abyss:1  | Found a corrupted altar of Lugonu.
    62 | Abyss:3  | Noticed a neqoxec
    62 | D:1      | Escaped the Abyss
   134 | D:1      | Reached ** piety under Lugonu
   135 | D:1      | Reached XP level 2. HP: 8/16 MP: 4/4
   848 | D:1      | Reached XP level 3. HP: 5/20 MP: 2/5
  1024 | D:1      | Found Jioba's Weapon Emporium.
  1582 | D:2      | Identified the ring "Gopiw" {Fly Will++ Str+4 Int+4 Dex-3}
  2403 | D:2      | Gained mutation: Your natural rate of healing is unusually
                  | fast. [Vine Stalker growth]
  2403 | D:2      | Reached XP level 4. HP: 14/24 MP: 3/6
  2866 | D:3      | Found an opulent altar of Gozag.
  2995 | D:3      | Reached skill level 1 in Shields
  2999 | D:3      | Reached *** piety under Lugonu
  3208 | D:3      | Reached skill level 1 in Dodging
  3208 | D:3      | Reached XP level 5. HP: 21/28 MP: 3/8
  3692 | D:4      | Noticed Blork the orc
  3692 | D:4      | Noticed Menkaure
  3699 | D:4      | Killed Blork the orc
  3813 | D:3      | Reached XP level 6. HP: 8/32 MP: 7/9
  3991 | D:4      | Killed Menkaure
  4053 | D:4      | Noticed a steam dragon
  4087 | D:5      | Entered Level 5 of the Dungeon
  4094 | D:5      | Found a basalt altar of Yredelemnul.
  4151 | D:5      | Reached XP level 7. HP: 35/37 MP: 10/10
  4229 | D:4      | Banished a steam dragon
  4431 | D:4      | Found a staircase to the Ecumenical Temple.
  4855 | D:4      | Gained mutation: You have razor-sharp teeth. [Vine Stalker
                  | growth]
  4855 | D:4      | Reached XP level 8. HP: 22/42 MP: 7/12
  5143 | D:5      | Mangled by a gnoll

Illustrated notes

Levels and vault maps discovered:
D:1:      lemuel_arrival_river_ford, layout_basic, serial_shops, shop,
          grunt_decor_mini_mirrors, minmay_misc_feat_secret_circle,
          hangedman_feature_mirror, minmay_misc_feat_pillars, st_stairs_2,
          nrook_mini_vaults, serial_bayou_crossing
D:2:      layout_loops_ring
D:3:      layout_basic, grunt_gozag_statues, serial_co_window_serial,
          co_window_of_opportunity_a, co_window_paths_a,
          co_window_of_opportunity_a, co_window_corner_a, co_window_paths_a,
          co_window_of_opportunity_c, co_window_corner_cb,
          co_window_of_opportunity_c, co_window_unsneaky_path_e,
          co_window_corner_cb, co_window_corner_b, co_window_corner_ca,
          co_window_4corner_a, glass_columns_b
D:4:      layout_basic, temple_green, uniq_blork_the_orc, uniq_menkaure
D:5:      minmay_evil_eye, layout_cave_pools,
          mainiacjoe_overflow_concentric_impassable, serial_demonic,
          serial_demonic_g, serial_demonic_a, serial_demonic_g,
          serial_demonic_b, serial_demonic_f, serial_demonic_e

Skill      XL: |  1  2  3  4  5  6  7  8 |
---------------+-------------------------+-----
Invocations    | 2 3 4 |  4.4
Short Blades   | 2 3 4 |  4.1
Fighting       | 3 4 |  4.6
Armour         | 2 |  2.1
Shields        | 1 2 3 |  3.3
Dodging        | 1 2 3 |  3.0

Action                   |  1- 3 |  4- 6 |  7- 9 || total
-------------------------+-------+-------+-------++-------
Melee: Short sword       |   155 |   171 |   136 ||   462
       Bite              |    39 |    55 |    42 ||   136
Invok: Depart the Abyss  |     1 |       |       ||     1
       Bend Space        |       |     1 |     2 ||     3
       Banish            |       |       |     3 ||     3
Evoke: Wand              |       |     6 |       ||     6
  Use: Potion            |       |     4 |     3 ||     7
       Scroll            |       |     1 |       ||     1
 Stab: Sleeping          |     2 |     1 |     1 ||     4
       Distracted        |       |       |     1 ||     1
Armor: Leather armour    |    44 |    41 |    36 ||   121
Dodge: Dodged            |    47 |    92 |    74 ||   213
Block: Kite shield       |    30 |    84 |    90 ||   204

Table legend: (Time is in decaauts)
 A = Elapsed time spent in this place.
 B = Non-inter-level travel time spent in this place.
 C = Inter-level travel time spent in this place.
 D = Time resting spent in this place.
 E = Time spent auto-exploring this place.
 F = Levels seen in this place.
 G = Mean time per level.
                   A        B        C        D        E       F      G
               +--------+--------+--------+--------+--------+-----+--------+
         Total |   5227 |   5036 |    191 |   1434 |   2367 |   8 |  653.4 |
       Dungeon |   5166 |   4975 |    191 |   1431 |   2367 |   5 | 1033.2 |
         Abyss |     61 |     61 |      0 |      3 |      0 |   3 |   20.3 |
               +--------+--------+--------+--------+--------+-----+--------+

Top non-repeatable levels by time:
     D:1: 1538 daAuts
     D:3: 1200 daAuts
     D:2: 1199 daAuts
     D:4: 931 daAuts
     D:5: 296 daAuts
 Abyss:3: 36 daAuts
 Abyss:2: 19 daAuts
 Abyss:1: 5 daAuts
